Map: Beckett Industries LE

Players

JsusisLord

  • Race: Terran Terran
  • League: Silver

Throwfordays - Winner!

  • Race: Zerg Zerg
  • League: Gold

VOD

Have the link to the VOD?

Description

Time

  • Played on: Aug. 27, 2021, 11:28 p.m.
  • Length: 23:55
Show
View Real Time Build Order
Export as new Build Order

JsusisLord Terran 

Build Orders:  

Get SALT Encoding   

  12  0:01  SCV  
  13  0:14  SCV  
  13  0:19  Supply Depot  
  14  0:27  Refinery  
  14  0:28  SCV  
  15  0:44  Barracks  
  15  0:46  SCV  
  16  0:59  Refinery, SCV  
  17  1:14  Barracks  
  17  1:17  SCV  
  19  1:39  Orbital Command  
  18  1:42  Barracks Reactor  
  18  1:52  Barracks  
  18  2:02  Supply Depot  
  18  2:05  Barracks Reactor  
  18  2:19  Marine  
  18  2:20  Marine  
  20  2:23  SCV  
  21  2:33  Engineering Bay  
  21  2:39  Reaper  
  21  2:40  Reaper  
  21  2:42  Reaper  
  24  2:56  Reaper x2  
  26  3:03  SCV  
  27  3:11  Reaper  
  27  3:12  Reaper  
  29  3:14  Reaper  
  30  3:20  Supply Depot  
  30  3:29  Reaper  
  30  3:32  Reaper  
  32  3:37  SCV  
  33  3:45  Neosteel Armor  
  33  3:53  Missile Turret  
  33  3:55  Reaper  
  34  4:05  Reaper  
  27  4:36  Barracks Tech Lab  
  28  4:39  Factory  
  28  4:42  Marine x3  
  29  4:48  Factory  
  27  4:53  Command Center  
  27  4:56  SCV  
  28  5:00  Marine  
  28  5:03  Marine  
  30  5:10  Stimpack  
  30  5:21  Marine x2  
  31  5:22  Marine x2  
  34  5:33  Factory Tech Lab  
  34  5:34  Factory Tech Lab  
  34  6:03  Supply Depot  
  34  6:04  SCV, Barracks Tech Lab  
  34  6:08  Supply Depot  
  35  6:13  Siege Tank  
  38  6:20  Supply Depot  
  38  6:24  SCV, Siege Tank  
  28  6:41  Marine  
  28  6:42  Marine x2  
  30  7:00  Marine  
  28  7:20  Planetary Fortress  
  28  7:22  Siege Tank  
  31  7:26  Widow Mine  
  31  7:27  SCV  
  34  7:36  Command Center  
  34  7:39  SCV  
  35  7:47  Barracks  
  35  7:51  Missile Turret  
  35  7:52  Supply Depot  
  35  7:58  Missile Turret  
  35  8:18  SCV x2  
  37  8:25  Widow Mine x2  
  41  8:31  Supply Depot  
  34  8:46  SCV  
  35  8:57  Refinery  
  35  8:58  SCV  
  35  9:01  Refinery  
  36  9:29  Siege Tank  
  39  9:32  Infernal Pre-Igniter  
  39  9:35  Marine, Marauder x2  
  39  9:36  Marine  
  45  9:38  Concussive Shells  
  45  9:44  Planetary Fortress  
  45  9:47  SCV  
  46  9:59  SCV, Starport  
  47  10:11  Siege Tank  
  49  10:39  Widow Mine  
  49  10:40  Starport Reactor  
  49  10:44  Widow Mine  
  44  10:51  SCV x2  
  46  11:03  SCV x2  
  48  11:04  Command Center  
  48  11:05  Marine x2, Marauder  
  48  11:08  Marauder  
  54  11:20  SCV x2  
  56  11:36  Liberator x2  
  56  11:37  SCV  
  56  11:39  SCV  
  64  11:48  Siege Tank  
  64  11:49  SCV  
  68  11:55  SCV  
  69  12:08  Missile Turret  
  69  12:19  Medivac x2  
  73  12:33  Sensor Tower  
  73  12:34  SCV x2  
  75  12:45  Marine x2  
  75  12:47  Cyclone  
  75  12:49  Cyclone  
  83  12:56  Terran Infantry Armor Level 1  
  83  13:02  Marine  
  83  13:03  Marine  
  87  13:05  Marauder  
  87  13:09  Liberator x2  
  93  13:19  Supply Depot  
  93  13:26  Planetary Fortress  
  93  13:30  Supply Depot  
  93  13:40  Marine x2, SCV x2  
  97  13:48  Refinery  
  97  13:49  Refinery  
  97  13:53  SCV x2, Widow Mine  
  101  14:15  SCV x3, Widow Mine  
  106  14:21  Marine  
  106  14:22  Marine, Command Center  
  106  14:23  Combat Shield  
  108  14:40  Reaper  
  109  15:14  Reaper  
  87  15:27  SCV x2  
  87  15:28  SCV  
  87  15:31  Raven  
  71  16:26  SCV x3  
  74  16:38  SCV  
  75  16:47  Marauder  
  77  16:50  Hellion x2  
  81  17:08  Marauder  
  80  17:11  Hellion x2  
  83  17:29  Marauder  
  83  17:32  Hellion  
  75  17:46  Planetary Fortress  
  72  17:58  Hellion  
  74  18:00  Marauder  
  74  18:02  Banshee  
  74  18:03  Cloaking Field  
  79  18:07  Siege Tank  
  82  18:19  Hellion  
  84  18:21  Marauder  
  84  18:41  Hellion  
  54  19:14  SCV x2  
  54  19:19  Marine, Marauder  
  54  19:20  Marine  
  54  19:21  Banshee  
  54  19:23  Siege Tank  
  64  19:24  Hellion  
  64  19:27  Marine x2  
  68  19:40  SCV, Marauder  
  68  19:42  SCV, Command Center  
  68  19:44  Marine  
  68  19:45  Marine  
  74  19:46  Hellion  
  74  19:52  SCV  
  77  19:55  Siege Tank  
  80  20:02  Marine x2  
  80  20:04  Banshee  
  85  20:07  Hellion  
  87  20:20  Marine x2  
  59  20:29  Hellion  
  28  20:50  Hellion  
  28  20:53  Marauder  
  28  20:59  Marine  
  28  21:01  Siege Tank  
  26  21:15  Marauder  
  28  21:24  Marine  
  29  21:26  Hellion  
  29  21:27  Marine x2  
  29  21:32  Barracks  
  33  21:33  Hellion  
  33  21:34  Barracks  
  33  21:36  Marauder  
  37  21:41  Barracks  
  37  21:47  Hellion  
  39  21:54  Hellion  
  39  21:58  Marauder  
  43  22:18  Marine x3  
  43  22:19  Marauder  
  48  22:36  Marine x3  
  51  22:40  Marine  
  51  22:42  SCV  
  53  22:54  Marine x3, SCV  
  53  22:58  Marine  
  58  23:06  SCV  
  58  23:12  Marine x3  
  60  23:15  Marine  
  60  23:18  SCV  
  15  23:29  Marine x2  
  15  23:30  Marine, SCV  
  15  23:32  Supply Depot  
  15  23:33  Marine  
  19  23:34  Supply Depot  
Show
View Real Time Build Order
Export as new Build Order

Throwfordays Zerg - Winner!

Build Orders: Hatch First 

Get SALT Encoding   

  12  0:01  Drone  
  13  0:12  Overlord  
  13  0:19  Drone  
  14  0:31  Drone  
  14  0:34  Drone  
  16  0:49  Hatchery  
  15  0:52  Drone  
  15  0:57  Drone  
  17  1:12  Spawning Pool  
  17  1:18  Overlord  
  16  1:23  Extractor  
  16  1:24  Drone  
  16  1:39  Drone x2  
  18  1:42  Drone  
  19  1:59  Queen  
  19  2:01  Zergling x2  
  22  2:02  Zergling x2  
  22  2:05  Queen  
  22  2:06  Drone  
  26  2:13  Zergling x2  
  27  2:16  Drone  
  28  2:25  Metabolic Boost  
  28  2:44  Zergling x6  
  28  2:50  Baneling Nest  
  30  2:51  Extractor  
  30  2:52  Drone x2  
  30  2:54  Drone  
  32  3:10  Overlord  
  32  3:12  Overlord  
  32  3:13  Overlord  
  32  3:21  Lair  
  32  3:42  Zergling x8  
  32  3:46  Drone x2  
  38  3:49  Drone x3  
  38  3:52  Zergling x2  
  42  3:58  Zergling x8  
  40  4:29  Queen  
  41  4:42  Drone x3  
  41  4:44  Drone x2  
  46  4:46  Queen  
  46  4:48  Drone  
  46  4:49  Drone x2  
  51  5:07  Baneling x9  
  51  5:08  Baneling x2  
  51  5:15  Zergling x2  
  51  5:17  Overlord  
  51  5:19  Overlord  
  51  5:20  Overlord  
  46  5:51  Zergling x6  
  46  5:52  Zergling x6  
  46  5:54  Zergling x10  
  57  6:03  Baneling x4  
  57  6:04  Baneling x7  
  57  6:11  Extractor  
  56  6:13  Extractor  
  39  7:07  Zergling x2  
  39  7:08  Zergling x10  
  43  7:11  Zergling x8  
  43  7:12  Zergling x2  
  45  7:18  Centrifical Hooks  
  45  7:24  Drone  
  45  7:26  Drone  
  47  7:43  Zergling x2  
  47  7:44  Zergling x6  
  50  7:49  Zergling x10  
  56  7:55  Drone  
  57  8:02  Drone  
  57  8:05  Baneling x8, Hatchery  
  58  8:06  Baneling x10  
  58  8:07  Baneling x4  
  57  8:13  Zergling x4  
  57  8:18  Zergling x2  
  57  8:19  Zergling x6  
  63  8:21  Zergling x8  
  47  8:45  Zergling x6  
  50  8:48  Zergling x2  
  50  8:49  Zergling x4  
  53  8:58  Baneling x10  
  53  8:59  Baneling x7  
  53  9:02  Drone  
  54  9:14  Drone  
  55  9:18  Queen  
  57  9:30  Baneling x3  
  57  9:31  Baneling x8  
  57  9:35  Zergling x6  
  57  9:37  Overlord  
  57  9:38  Overlord x3  
  60  9:43  Zergling x2  
  60  9:44  Zergling x4  
  63  9:47  Zergling x2  
  63  9:48  Zergling x2  
  65  9:53  Drone x3  
  65  9:56  Drone  
  65  9:58  Drone  
  46  10:53  Drone x3  
  46  10:56  Drone x3  
  52  11:04  Zergling x10  
  55  11:10  Zergling x2  
  58  11:17  Zergling x6  
  61  11:37  Drone x3  
  61  11:38  Drone  
  65  11:43  Zergling x10  
  65  11:44  Zergling x2  
  71  12:02  Roach Warren  
  70  12:09  Drone  
  70  12:10  Drone x2  
  70  12:12  Drone  
  74  12:42  Roach x2  
  74  12:43  Roach x4  
  86  12:47  Roach x2  
  86  12:48  Roach x5  
  100  12:51  Roach x2  
  100  12:52  Roach x3  
  110  12:59  Baneling x4  
  110  13:00  Baneling x14  
  110  13:01  Baneling x12  
  110  13:27  Ravager x4  
  114  13:31  Overlord x2  
  114  13:32  Overlord x4  
  114  13:38  Overlord x4  
  114  13:51  Overseer  
  114  13:55  Roach x2  
  118  13:58  Roach x2  
  118  13:59  Roach  
  118  14:01  Roach x4  
  118  14:02  Roach x2  
  136  14:18  Ravager  
  136  14:19  Ravager x4  
  141  14:25  Roach x3  
  141  14:27  Glial Reconstitution  
  147  14:31  Roach  
  147  14:32  Roach x2  
  153  14:40  Zergling x2  
  153  14:41  Zergling x10  
  153  14:43  Zergling x2  
  160  14:47  Zergling x4  
  162  14:59  Evolution Chamber  
  161  15:01  Evolution Chamber  
  74  16:20  Zerg Missile Weapons Level 1  
  74  16:21  Zerg Ground Armor Level 1  
  74  16:22  Roach x4  
  74  16:23  Roach x3  
  88  16:32  Roach x7  
  102  16:34  Roach  
  102  16:35  Roach x6  
  102  16:36  Roach  
  118  16:51  Roach x2  
  118  16:52  Roach x4  
  130  16:55  Hatchery  
  129  17:06  Hatchery  
  129  17:07  Ravager x2  
  129  17:08  Ravager x13  
  142  17:12  Roach  
  142  17:13  Roach x5  
  155  17:17  Roach x2  
  143  18:04  Roach x3  
  149  18:08  Roach x5  
  159  18:14  Roach x5  
  169  18:21  Zerg Missile Weapons Level 2  
  116  19:17  Queen  
  116  19:19  Roach x3  
  116  19:21  Roach  
  116  19:22  Roach x5  
  136  19:24  Roach x2  
  136  19:25  Roach x3  
  136  19:27  Roach x3  
  152  19:45  Extractor  
  151  19:46  Roach x4  
  151  19:47  Roach x2  
  151  19:49  Extractor  
  151  19:50  Zergling x6  
  151  19:51  Zergling x4  
  167  19:53  Zergling x4  
  167  19:54  Zergling x2  
  167  19:59  Zergling x4  
  172  20:03  Ravager x2  
  107  21:24  Hydralisk Den  
  106  21:28  Overseer x2  
  106  21:37  Spore Crawler  
  105  21:40  Drone x2  
  105  21:41  Drone  
  105  21:42  Queen  
  110  21:53  Hydralisk x5  
  120  21:55  Drone, Hydralisk x4  
  120  21:58  Zergling x6  
  131  22:01  Zergling x4  
  131  22:02  Zergling x6  
  135  22:11  Extractor  
  135  22:13  Extractor  
  135  22:14  Drone x3  
  135  22:38  Drone  
  135  22:39  Drone x2  
Tags
 
Add a new tag
Caveats
  • Supply blocks, unpowered buildings, or Contaminate may cause inaccurate times.
  • Supply counts are checked every 10 seconds.